 Dungeon Crawl Stone Soup version bcrawl-1.31 (webtiles) character file.

Game seed: 10838147443767855683

92677 AtilaTheSponge the Magician (level 3, -2/16 HPs)
             Began as a Spriggan Earth Elementalist on Mar 24, 2021.
             Killed from afar by an orc wizard (11 damage)
             ... with a puff of frost
             ... on level 3 of the Dungeon.
             The game lasted 00:06:43 (2072 turns).

AtilaTheSponge the Magician (SpEE)                  Turns: 2072, Time: 00:06:43

Health: -2/16      AC:  4    Str:  4    XL:     3   Next: 55%
Magic:  0/9        EV: 18    Int: 17    God:
Gold:   86         SH:  0    Dex: 16    Spells: 6/10 levels left

rFire    . . .     SeeInvis +     - Fists (2.2)
rCold    . . .     Gourm    .   (shield restricted)
rNeg     . . .     Faith    .   c - +0 robe
rPois    .         Spirit   .   l - +2 hat
rElec    .         Reflect  .   (no cloak)
rCorr    .         Harm     .   (gloves unavailable)
MR       .....                  (boots unavailable)
Stlth    ++........             (no amulet)
HPRegen  0.05/turn              (no ring)
MPRegen  0.11/turn              (no ring)

@: very quick
A: very small, unfitting armour, see invisible, herbivore, speed 3, slow
metabolism 2
a: no special abilities


You were on level 3 of the Dungeon.
You were hungry.

You visited 1 branch of the dungeon, and saw 3 of its levels.

You collected 86 gold pieces.

Inventory:

Missiles
 b - 1290 stones (quivered)
 d - 64 javelins of penetration {=f}
Armour
 c - a +0 robe (worn)
 l - a +2 hat (worn)
Scrolls
 a - 4 scrolls of remove curse {unknown}
 g - a scroll of blinking {unknown}
 h - a scroll of magic mapping {unknown}
 i - 4 scrolls of identify
 k - a scroll of teleportation {unknown}
Potions
 f - 2 potions of degeneration {unknown}
 j - a potion of mutation {unknown}
Comestibles
 e - 7 rations {!d}


   Skills:
 * Level 3.5 Dodging
 - Level 3.2 Stealth
 * Level 4.0 Spellcasting
   Level 1.3 Transmutations
 + Level 3.3 Earth Magic


You had 6 spell levels left.
You knew the following spells:

 Your Spells              Type           Power        Failure   Level  Hunger
a - Sandblast             Erth           ##....       4%          1    None
b - Stone Arrow           Conj/Erth      #.....       24%         3    ###....

Your spell library contained the following spells:

 Spells                   Type           Power        Failure   Level  Hunger
 Passwall                 Tmut/Erth      ##......     9%          2    None
 Petrify                  Tmut/Erth      ##........   52%         4    #####..
 Lee's Rapid Deconstruct  Erth           ##........   75%         5    ######.


Dungeon Overview and Level Annotations

Branches:
Dungeon (3/12)

Altars:


Innate Abilities, Weirdness & Mutations

You are very small and have problems with some larger weapons.
You are too small for most types of armour.
You have supernaturally acute eyesight. (SInv)
You are a herbivore.
You cover ground extremely quickly.
You need to consume almost no food.


Message History

Aiming: Stone Arrow (safe; 24% risk of failure)
Press: ? - help, Shift-Dir - straight line, f/p - orc
Aim: an orc, wielding a +0 whip and wearing a +0 leather armour The stone arrow hits the orc!
The orc is almost dead.
The orc wizard points at you and mumbles some strange words.
The puff of frost hits you!
Ouch! That really hurt!
Casting: Stone Arrow (safe; 24% risk of failure)
Confirm with . or Enter, or press ? or * to list all spells.
You don't have enough magic to cast that spell.
Unknown command.
The orc wizard gestures at you while chanting.
The puff of flame misses you.
The orc wizard mumbles some strange words.
The orc wizard seems to speed up.
The orc wizard gestures at you while chanting.
The puff of frost hits you!
Ouch! That really hurt!
You die...

#.....#...
#.........
#.o...#
###....##
#.o.o..#
#......##.
#..........
###...........
#<@...........
####..........
#..........
#..........
#.........
#........
.......
....?..


You could see an orc wizard and 2 orcs.

Vanquished Creatures
  An adder (D:2)
  2 worms
  2 dart slugs (D:1)
  3 leopard geckos
  An orc (D:3)
  A ball python (D:2)
  3 goblins
  3 hobgoblins (D:2)
  2 quokkas (D:2)
  2 bats
  4 frilled lizards
  A kobold (D:1)
  4 rats
29 creatures vanquished.

Notes
Turn   | Place    | Note
-------+----------+-------------------------------------------
     0 | D:1      | AtilaTheSponge the Spriggan Earth Elementalist began the
                  | quest for the Orb.
     0 | D:1      | Reached XP level 1. HP: 9/9 MP: 5/5
   176 | D:1      | Reached skill level 3 in Spellcasting
   310 | D:1      | Reached XP level 2. HP: 13/13 MP: 5/7
   980 | D:2      | Reached XP level 3. HP: 16/16 MP: 3/9
  1052 | D:2      | Learned a level 3 spell: Stone Arrow
  2064 | D:3      | Reached skill level 4 in Spellcasting
  2072 | D:3      | Killed from afar by an orc wizard

Skill      XL: |  1  2  3 |
---------------+----------+-----
Spellcasting   | 3 4 |  4.0
Earth Magic    | 3 |  3.3
Dodging        | |  3.5
Stealth        | |  3.2
Transmutations | |  1.3

Action                   || total
-------------------------++-------
 Cast: Sandblast         ||    21
       Stone Arrow       ||    18
Dodge: Dodged            ||     4
